Map: Ruins of Endion

Players

capac

  • Race: Terran Terran
  • League: Gold

ChiefRocka - Winner!

  • Race: Terran Terran
  • League: Gold

VOD

Have the link to the VOD?

Description

Time

  • Played on: May 1, 2016, 2:14 p.m.
  • Length: 17:28
Show
View Real Time Build Order
Export as new Build Order

capac Terran 

Build Orders: Reaper Expand 

Get SALT Encoding   

  12  0:01  SCV  
  13  0:13  SCV  
  14  0:18  Supply Depot  
  14  0:25  SCV  
  15  0:40  SCV  
  15  0:42  Barracks  
  16  0:52  SCV  
  16  0:55  Refinery  
  17  1:04  SCV  
  18  1:16  SCV  
  19  1:30  Orbital Command  
  19  1:38  Command Center  
  19  1:41  Reaper  
  20  1:51  Supply Depot  
  20  1:56  SCV  
  21  2:13  Marine  
  22  2:16  Factory  
  22  2:20  Barracks  
  23  2:22  SCV  
  23  2:25  Refinery  
  23  2:40  Barracks Reactor  
  23  2:42  SCV  
  24  2:52  Orbital Command  
  24  2:56  SCV  
  25  2:59  Factory Tech Lab  
  25  3:05  Barracks  
  25  3:09  SCV  
  26  3:15  Engineering Bay  
  26  3:22  SCV  
  26  3:23  Siege Tank  
  26  3:25  Marine x2  
  26  3:26  Barracks Tech Lab  
  32  3:38  Starport  
  32  3:43  SCV  
  32  3:44  SCV  
  34  3:50  Marine x2  
  34  3:52  Marine  
  37  4:00  Siege Tank  
  40  4:08  Marine  
  40  4:09  Marine x2  
  42  4:11  SCV  
  42  4:13  SCV  
  45  4:24  Supply Depot  
  45  4:32  Medivac  
  47  4:41  SCV x2  
  47  4:42  Marine x3  
  47  4:43  Marine  
  53  4:50  Siege Tank  
  56  4:57  SCV x2  
  58  5:00  Refinery x2  
  58  5:02  Marine x4  
  62  5:08  Supply Depot  
  62  5:10  Supply Depot  
  62  5:16  SCV x2  
  64  5:23  Marine x2  
  64  5:24  Barracks Reactor  
  64  5:25  Marine  
  67  5:28  SCV x2  
  69  5:37  Starport Reactor  
  69  5:40  SCV x2  
  71  5:48  Marine x3  
  73  5:52  SCV x2  
  75  5:57  Missile Turret  
  75  6:00  Missile Turret  
  72  6:07  Missile Turret  
  71  6:11  Marine x4  
  71  6:12  Marine  
  69  6:29  Marine x3  
  71  6:34  Marine  
  71  6:35  Marine  
  75  6:40  Medivac  
  75  6:41  Medivac  
  75  6:42  SCV  
  75  6:47  Marine  
  78  6:52  Missile Turret  
  79  6:57  Missile Turret  
  79  7:05  Marine x4  
  79  7:06  Marine  
  84  7:10  Stimpack  
  84  7:22  SCV x2  
  86  7:31  Supply Depot  
  86  7:37  Marine, SCV x2  
  74  8:16  Marine x3  
  74  8:17  Viking, Marine  
  74  8:18  Viking  
  79  8:23  Siege Tank, Command Center  
  79  8:24  Supply Depot  
  82  8:29  Barracks  
  82  8:31  Starport  
  82  8:34  Starport  
  82  8:36  Marine x5  
  87  8:52  Viking x2, Missile Turret  
  87  8:55  Terran Infantry Weapons Level 1  
  91  8:57  Marine x3  
  91  8:58  Marine x2  
  96  9:09  Missile Turret  
  96  9:10  Starport Reactor  
  96  9:11  Starport Reactor  
  96  9:15  Marine x3  
  96  9:16  Missile Turret  
  99  9:38  Marine x5  
  101  9:39  Viking  
  101  9:40  Viking  
  108  9:54  Medivac x2  
  108  9:55  Viking  
  114  10:30  Marine x3  
  117  10:49  Viking x3, Marine, SCV x2  
  117  10:51  Viking x2  
  117  10:52  Marine  
  117  10:56  Siege Tank  
  116  10:59  Viking  
  116  11:01  SCV  
  117  11:05  Supply Depot  
  117  11:07  Supply Depot  
  117  11:08  Barracks Reactor  
  117  11:09  Combat Shields  
  117  11:16  Barracks  
  117  11:25  Missile Turret  
  117  11:26  Marine x3, Missile Turret  
  117  11:27  Marine  
  117  11:32  Siege Tank  
  124  11:45  Viking  
  124  11:46  Viking x2  
  130  11:54  Orbital Command  
  130  12:00  Marine x2  
  130  12:01  Marine x4  
  133  12:05  Terran Infantry Armor Level 1  
  136  12:18  Medivac x2  
  136  12:19  Viking x2  
  144  12:30  Viking x2  
  144  12:35  Supply Depot  
  148  12:37  Supply Depot  
  148  12:42  Refinery  
  148  12:49  Marine  
  149  12:56  Marine x7  
  156  13:04  SCV x3  
  159  13:08  Supply Depot  
  159  13:14  Supply Depot  
  159  13:57  Marine x3  
  159  13:58  Marine x5  
  167  14:15  Marine x4  
  171  14:35  Barracks Reactor  
  171  14:58  Supply Depot  
  171  14:59  Starport  
  171  15:01  Supply Depot  
  171  15:02  Starport  
  171  15:19  Refinery  
  168  15:55  Viking  
  168  15:56  Viking x3  
Show
View Real Time Build Order
Export as new Build Order

ChiefRocka Terran - Winner!

Build Orders: 1/1/1 

Get SALT Encoding   

  12  0:01  SCV  
  13  0:13  SCV  
  14  0:17  Supply Depot  
  14  0:25  SCV  
  15  0:39  SCV  
  15  0:40  Barracks  
  16  0:46  Refinery  
  16  0:51  Refinery  
  16  0:54  SCV  
  17  1:06  SCV  
  19  1:18  SCV  
  19  1:28  Supply Depot  
  19  1:30  Orbital Command  
  19  1:38  Factory  
  19  1:49  Barracks Tech Lab  
  19  1:56  SCV  
  20  2:08  SCV  
  21  2:20  SCV  
  22  2:27  Starport  
  22  2:30  Starport  
  22  2:32  SCV  
  23  2:42  Siege Tank  
  26  2:45  SCV  
  27  2:57  SCV  
  28  3:00  Command Center  
  28  3:09  Starport Tech Lab x2  
  28  3:21  SCV  
  29  3:39  Supply Depot  
  29  3:41  Supply Depot  
  29  3:57  SCV  
  29  4:00  Bunker, Banshee x2  
  29  4:01  Cloaking Field  
  36  4:18  Refinery, SCV  
  36  4:21  Refinery  
  37  4:30  SCV  
  38  4:36  Siege Tank  
  41  4:43  Banshee  
  41  4:45  Banshee  
  47  4:48  SCV  
  48  5:02  SCV  
  48  5:07  Marine  
  49  5:08  Command Center  
  50  5:17  SCV  
  50  5:18  Engineering Bay  
  50  5:20  SCV  
  52  5:24  Marine  
  53  5:32  SCV x2  
  55  5:47  Command Center  
  52  6:36  SCV  
  53  6:48  SCV  
  54  6:54  Armory  
  54  6:55  Starport  
  54  6:57  Fusion Core  
  54  7:00  SCV  
  54  7:01  SCV, Missile Turret  
  55  7:05  SCV, Missile Turret  
  55  7:08  Missile Turret  
  57  7:13  SCV x2  
  59  7:17  SCV  
  59  7:20  Siege Tank  
  63  7:25  SCV x2  
  63  7:29  SCV  
  66  7:31  Refinery  
  66  7:32  Refinery  
  66  7:35  Refinery  
  66  7:37  Refinery, SCV  
  66  7:38  SCV  
  66  7:41  SCV  
  68  7:49  SCV  
  68  7:50  SCV  
  70  7:53  SCV  
  71  8:02  SCV  
  69  8:23  Battlecruiser x2  
  69  8:24  Starport Tech Lab  
  81  8:29  Starport  
  81  8:33  Starport  
  81  8:34  SCV  
  81  8:36  SCV  
  81  8:39  Missile Turret x2  
  81  8:40  Missile Turret  
  83  8:43  Missile Turret x3  
  83  8:46  SCV  
  84  8:48  SCV  
  85  8:58  SCV  
  85  8:59  Battlecruiser  
  92  9:13  Planetary Fortress  
  92  9:18  Supply Depot  
  92  9:20  Supply Depot x2  
  92  9:22  Orbital Command  
  92  9:24  Starport Tech Lab  
  92  9:25  Starport Tech Lab  
  92  9:37  SCV  
  92  9:40  SCV  
  92  9:43  Supply Depot  
  92  9:45  Supply Depot  
  92  9:46  Battlecruiser x2  
  92  9:47  Supply Depot  
  92  9:48  Battlecruiser  
  92  9:49  Battlecruiser  
  116  9:54  Terran Ship Weapons Level 1  
  116  10:05  Weapon Refit, SCV x2, Command Center  
  118  10:12  Missile Turret  
  110  10:24  Battlecruiser  
  116  10:45  Missile Turret  
  116  10:46  Missile Turret  
  116  11:13  Battlecruiser  
  116  11:17  Battlecruiser  
  116  11:18  Behemoth Reactor  
  128  11:31  Command Center  
  128  11:38  Planetary Fortress  
  128  11:40  Refinery, Missile Turret  
  128  11:42  Refinery  
  128  11:59  Battlecruiser  
  134  12:02  Missile Turret  
  134  12:04  SCV  
  135  12:20  SCV  
  136  12:27  SCV  
  137  12:32  SCV  
  138  12:39  SCV  
  138  12:40  Battlecruiser  
  138  12:41  Battlecruiser  
  138  12:42  Battlecruiser  
  157  12:44  Refinery  
  157  12:51  SCV  
  158  13:05  Refinery  
  158  13:12  Battlecruiser  
  164  13:13  Battlecruiser  
  164  13:17  Supply Depot x2  
  163  13:51  Battlecruiser  
  169  14:08  Planetary Fortress  
  169  14:23  Battlecruiser  
  169  14:24  Supply Depot  
  175  14:25  Supply Depot  
  175  14:27  Supply Depot  
  175  14:28  Terran Ship Weapons Level 2  
  187  14:45  Battlecruiser x2, Missile Turret  
  187  14:59  Battlecruiser  
  193  15:05  Battlecruiser  
  177  16:51  Marine  
  184  17:09  Marine  
  184  17:13  Command Center  
Tags
 
Add a new tag
Caveats
  • Supply blocks, unpowered buildings, or Contaminate may cause inaccurate times.
  • Supply counts are checked every 10 seconds.